 Dungeon Crawl Stone Soup version 0.19-a0-505-g8266cc7 (webtiles) character file.

80 Buffagor the Skirmisher (level 4, -1/35 HPs)
             Began as a Demonspawn Fighter on June 5, 2016.
             Blown up by Ijyb (4 damage)
             ... with a wand of disintegration
             ... on level 2 of the Dungeon.
             The game lasted 00:01:39 (1308 turns).

Buffagor the Skirmisher (Demonspawn Fighter)        Turns: 1308, Time: 00:01:39

Health: -1/35      AC:  6    Str: 17    XL:     4   Next: 18%
Magic:  4/4        EV:  7    Int:  9    God:
Gold:   85         SH:  9    Dex: 13    Spells: 0 memorised, 3 levels left

rFire  . . .     SeeInvis .     a - +0 war axe
rCold  . . .     Gourm    .     b - +0 scale mail
rNeg   . . .     Faith    .     c - +0 shield
rPois  .         Spirit   .     (no helmet)
rElec  .         Dismiss  .     (no cloak)
rCorr  .         Reflect  .     (no gloves)
SustAt .         Harm     .     (no boots)
MR     .....                    (no amulet)
Stlth  ..........               (no ring)
                                (no ring)

@: not resistant to hostile enchantments, extremely unstealthy
A: claws 1, spiny 1
a: no special abilities


You were on level 2 of the Dungeon.
You were not hungry.

You visited 1 branch of the dungeon, and saw 2 of its levels.

You collected 85 gold pieces.

Inventory:

Hand Weapons
 a - a +0 war axe (weapon)
Armour
 b - a +0 scale mail (worn)
 c - a +0 shield (worn)
Scrolls
 e - a scroll of enchant armour {unknown}
 i - a scroll of remove curse {unknown}
 j - a scroll of enchant weapon {unknown}
 l - a scroll of identify {unknown}
 n - a scroll of teleportation {unknown}
Potions
 d - a potion of might
 g - a potion of flight {unknown}
 k - a potion of brilliance {unknown}
Comestibles
 f - 2 bread rations
 h - 3 meat rations


   Skills:
 + Level 3.4 Fighting
 * Level 3.1 Axes
 + Level 3.0 Armour
 + Level 3.1 Shields


You had 3 spell levels left.
You didn't know any spells.

Dungeon Overview and Level Annotations

Branches:
Dungeon (2/15)

Altars:
Gozag

Annotations:
D:2 Ijyb, Natasha


Innate Abilities, Weirdness & Mutations

You have sharp fingernails.
You are partially covered in sharp spines.


Message History

Ijyb is lightly wounded.
Ijyb is struck by your spines. Ijyb hits you but does no damage.
Ijyb zaps a wand.
You are blasted!
* * * LOW HITPOINT WARNING * * *
It is a wand of disintegration.
You closely miss Ijyb.
Ijyb is lightly wounded.
Ijyb barely misses you. Ijyb hits you but does no damage.
Natasha, Servant of Life and Death comes into view.
Natasha extends her claws.
Natasha, Servant of Life and Death comes into view.
You slash Ijyb!
Ijyb is heavily wounded.
Ijyb hits you but does no damage. x2
You hit Ijyb.
Ijyb is severely wounded.
Ijyb zaps a wand.
You are blasted!
* * * LOW HITPOINT WARNING * * *
Ijyb zaps a wand.
You are blasted!
You die...

#.# #.# #.# #.##..#
#..# #.# #.#
##.####.##..#####.[#
#.######.#
#..................#
#........#
#.#.######..###.###.
#.######## #.#<#
#..##.## ## ..## #.#.#
#..##.# #
.#.###########.#.#
#..##.## ##
###............#.#
...###.###.
.#.#############@#.
##..# ##..># #.##
#g#.####..######.# ###
#.#..#.. ..# #.#
#h##.#.# #.# #.#
#.##.#.# #.###.#
#....#.# #.....#
#..#...#####.#####
.#######.(....##.##...#
.
........##..#.........#


You could see Ijyb and Natasha.

Vanquished Creatures
  Natasha (D:2)
  An adder (D:2)
  An ooze (D:1)
  A worm (D:2)
  3 dart slugs
  A giant gecko (D:2)
  5 hobgoblins
  3 jackals (D:1)
  5 kobolds
  6 bats
  2 giant newts (D:1)
  4 goblins
  2 rats
35 creatures vanquished.

Notes
Turn   | Place    | Note
--------------------------------------------------------------
     0 | D:1      | Buffagor the Demonspawn Fighter began the quest for the Orb.
     0 | D:1      | Reached XP level 1. HP: 18/18 MP: 1/1
   281 | D:1      | Gained mutation: You are partially covered in sharp spines. [demonic ancestry]
   281 | D:1      | Reached XP level 2. HP: 21/24 MP: 2/2
   746 | D:2      | Gained mutation: You have sharp fingernails. [demonic ancestry]
   746 | D:2      | Reached XP level 3. HP: 23/29 MP: 3/3
   783 | D:2      | Found an opulent altar of Gozag.
  1200 | D:2      | Noticed Ijyb
  1200 | D:2      | Noticed Natasha
  1303 | D:2      | Killed Natasha
  1303 | D:2      | Reached XP level 4. HP: 25/35 MP: 4/4
  1307 | D:2      | Noticed Natasha
  1308 | D:2      | Blown up by Ijyb

Vault maps used:
D:1:      scummos_arrival_simple_crosswalls
D:2:      grunt_gozag_breadcrumbs, uniq_iyjb, uniq_natasha

Skill      XL: |  1  2  3 |
---------------+----------+-----
Axes           | 2 3 |  3.1
Shields        | 3 |  3.1
Armour         | 3 |  3.0
Fighting       | |  3.4

Action                   |  1- 3 |  4- 6 || total
-------------------------+-------+-------++-------
Melee: War axe           |    89 |     4 ||    93
  Eat: Chunk             |     1 |       ||     1
Armor: Scale mail        |    42 |     5 ||    47
Dodge: Dodged            |    25 |     2 ||    27
Block: Shield            |    58 |       ||    58
